 Dungeon Crawl Stone Soup version 0.23.0-3-gf3c87f2df8 (webtiles) character file.

Game seed: 13670557618828699231

1837 Ivernyr the Changer (level 9, 0/41 HPs)
             Began as a Vine Stalker Transmuter on Feb 21, 2019.
             Was a Follower of Cheibriados.
             Slain by a hippogriff (4 damage)
             ... on level 7 of the Dungeon.
             The game lasted 00:26:37 (6758 turns).

Ivernyr the Changer (Vine Stalker Transmuter)       Turns: 6758, Time: 00:26:37

Health: 0/41       AC:  4    Str: 15    XL:     9   Next: 11%
Magic:  0/36       EV: 15    Int: 18    God:    Cheibriados [*.....]
Gold:   356        SH:  0    Dex: 21    Spells: 8/19 levels left

rFire    . . .     SeeInvis .     - Unarmed
rCold    + + .     Gourm    .   (no shield)
rNeg     + . .     Faith    .   b - +0 robe
rPois    .         Spirit   +   E - +1 hat
rElec    .         Reflect  .   u - +0 cloak
rCorr    .         Harm     .   (no gloves)
MR       +....                  (no boots)
Stlth    ++........             o - amulet of regeneration
HPRegen  0.93/turn              j - ring of magical power
MPRegen  0.25/turn              D - ring "Muxyxok" {*Contam rC++ rN+ MP+9 Dex+4}

@: very slightly contaminated, very slow
A: fangs 3, regeneration 1, magic shield, antimagic bite, no potion heal 3, rot
immunity
a: Bend Time, Renounce Religion


You were on level 7 of the Dungeon.
You worshipped Cheibriados.
Cheibriados was aware of your devotion.
You were not hungry.

You visited 2 branches of the dungeon, and saw 8 of its levels.

You collected 356 gold pieces.

Inventory:

Missiles
 a - 89 arrows
Armour
 b - a +0 robe (worn)
 u - a +0 cloak (worn)
 z - a scarf of cloud immunity
 E - a +1 hat (worn)
Jewellery
 j - a ring of magical power (left hand)
 o - an amulet of regeneration (around neck)
 p - an uncursed amulet of rage {unknown}
 D - the ring "Muxyxok" (right hand) {*Contam rC++ rN+ MP+9 Dex+4}
   (You found it on level 5 of the Dungeon)

   [ring of dexterity]

   It affects your dexterity (+4).
   It greatly protects you from cold.
   It protects you from negative energy.
   It affects your magic capacity (+9).
   It causes magical contamination when unequipped.
Wands
 q - a wand of acid (5)
 v - a wand of random effects (22)
 x - a wand of digging (5)
 y - a wand of flame (15)
 A - a wand of iceblast (7)
Scrolls
 f - 2 scrolls of remove curse {unknown}
 g - 13 scrolls of identify {unknown}
 i - 2 scrolls of immolation {unknown}
 m - 2 scrolls of teleportation {unknown}
 n - a scroll of noise {unknown}
 r - 2 scrolls of enchant weapon {unknown}
 w - 2 scrolls of amnesia {unknown}
 B - a scroll of acquirement {unknown}
Potions
 c - a potion of invisibility {unknown}
 e - 5 potions of heal wounds {unknown}
 h - 3 potions of curing
 k - 4 potions of lignification {unknown}
 l - a potion of haste
 s - a potion of ambrosia {unknown}
 t - 3 potions of mutation {unknown}
 C - a potion of berserk rage {unknown}
 F - a potion of flight {unknown}
Comestibles
 d - 15 rations


   Skills:
 - Level 1.0 Fighting
 + Level 4.5 Dodging
 + Level 5.9 Unarmed Combat
 + Level 5.5 Spellcasting
 * Level 7.5 Transmutations


You had 8 spell levels left.
You knew the following spells:

 Your Spells              Type           Power        Failure   Level  Hunger
a - Beastly Appendage     Tmut           ####..       1%          1    None
b - Sticks to Snakes      Tmut           ####....     1%          2    #......
c - Spider Form           Tmut/Pois      ###.......   9%          3    ##.....
d - Blade Hands           Tmut           ####......   16%         5    ######.

Your spell library contained the following spells:

 Spells                   Type           Power        Failure   Level  Hunger
 Ice Form                 Ice/Tmut       ###.....     26%         4    ####...


Dungeon Overview and Level Annotations

Branches:
Dungeon (7/15)             Temple (1/1) D:4

Altars:
Ashenzari
Cheibriados
Dithmenos
Fedhas
Hepliaklqana
Kikubaaqudgha
Makhleb
Nemelex Xobeh
Okawaru
Qazlal
Ru
Sif Muna
Trog
Uskayaw
Vehumet
Xom
Yredelemnul
Zin
The Shining One

Shops:
D:6 (

Annotations:
D:7 Dowan


Innate Abilities, Weirdness & Mutations

You have razor-sharp teeth.
Your natural rate of healing is unusually fast.
When hurt, damage is shared between your health and your magic reserves.
Your bite disrupts and absorbs the magic of your enemies.
Potions cannot restore your health.
You are immune to rotting.


Message History

Your +0 robe unmelds from your body.
The hippogriff closely misses you. The hippogriff pecks you.
The hippogriff claws you!
* * * LOW HITPOINT WARNING * * *
Casting: Sticks to Snakes (safe; 1% risk of failure)
Confirm with . or Enter, or press ? or * to list all spells.
You miscast Spider Form.
Your vision is briefly tinged with green.
The hippogriff barely misses you. The hippogriff completely misses you.
The hippogriff claws you!
* * * LOW HITPOINT WARNING * * *
You hit the hippogriff.
The hippogriff is heavily wounded.
The hippogriff completely misses you. The hippogriff barely misses you.
The hippogriff claws you.
* * * LOW HITPOINT WARNING * * *
You punch the hippogriff!
You bite the hippogriff, but do no damage.
The hippogriff is severely wounded.
The hippogriff bites you.
You die...

.####.#..# #.##.# .#
#.##.## #.##.# .####.##..#
#.##.#
.#....###.###(##.###
.#.#####...........# .
.#.# #...........# c. .#<#
#...........# ..o .####
#...........# e... ....#
#.......#@### ..... ###.#
#.......#H#####...... #
#.# #.......#oo)oo§......
#
#.######.##.##.#####......
###.#.# #..#.#### #.###
+.....# ##.#.# # ###.#.#
#...########
.(..#.######.........#
....#.##..†..>.......#


You could see a hippogriff and 2 orcs.

Vanquished Creatures
  Duvessa (D:7)
  A sky beast (D:4)
  3 ogres
  A black bear (D:7)
  A phantom (D:4)
  2 centaurs
  2 bullfrogs (D:7)
  3 crimson imps
  2 hounds
  A centaur zombie (D:6)
  2 orc priests (D:3)
  Crazy Yiuf (D:4)
  4 orc wizards
  A centaur skeleton (D:4)
  Jessica (D:2)
  Terence (D:2)
  An iguana (D:6)
  5 worker ants
  A hound zombie (D:5)
  4 gnolls (D:7)
  14 adders
  3 worms
  2 adder skeletons
  2 dart slugs
  2 leopard geckos
  10 orcs
  2 giant cockroaches (D:2)
  11 goblins
  9 hobgoblins
  9 jackals
  6 kobolds
  2 quokkas
  3 ball pythons
  3 bats
  5 frilled lizards
  A leopard gecko skeleton (D:5)
  A quokka zombie (D:5)
  12 rats
135 creatures vanquished.

Notes
Turn   | Place    | Note
-------+----------+-------------------------------------------
     0 | D:1      | Ivernyr the Vine Stalker Transmuter began the quest for the
                  | Orb.
     0 | D:1      | Reached XP level 1. HP: 9/9 MP: 4/4
    62 | D:1      | Reached skill level 1 in Fighting
    96 | D:1      | Reached XP level 2. HP: 12/14 MP: 4/6
   170 | D:1      | Learned a level 2 spell: Sticks to Snakes
   753 | D:1      | Reached XP level 3. HP: 12/18 MP: 4/7
   856 | D:1      | Learned a level 3 spell: Spider Form
  1131 | D:2      | Noticed Jessica
  1137 | D:2      | Killed Jessica
  1137 | D:2      | Reached skill level 3 in Transmutations
  1171 | D:2      | Gained mutation: Your natural rate of healing is unusually
                  | fast. [Vine Stalker growth]
  1171 | D:2      | Reached XP level 4. HP: 22/22 MP: 9/9
  1286 | D:2      | Noticed Terence
  1297 | D:2      | Killed Terence
  1885 | D:2      | Reached XP level 5. HP: 25/25 MP: 10/10
  2759 | D:3      | Reached skill level 4 in Transmutations
  2767 | D:3      | Reached XP level 6. HP: 21/30 MP: 6/12
  2863 | D:3      | Learned a level 5 spell: Blade Hands
  2961 | D:3      | Found a hide-covered altar of Uskayaw.
  3085 | D:4      | Found a staircase to the Ecumenical Temple.
  3232 | D:4      | Found a shadowy altar of Dithmenos.
  3240 | D:4      | Found the +7 sceptre of Torment {pain, torment}
  3275 | D:4      | You fall through a shaft!
  3275 | D:5      | Entered Level 5 of the Dungeon
  3358 | D:5      | Reached XP level 7. HP: 29/33 MP: 13/13
  3566 | D:5      | Reached skill level 5 in Transmutations
  4057 | D:4      | You fall through a shaft!
  4178 | Temple   | Entered the Ecumenical Temple
  4547 | D:4      | Found a runed translucent door.
  4548 | D:4      | Noticed Crazy Yiuf
  4724 | D:4      | Killed Crazy Yiuf
  4724 | D:4      | Gained mutation: You have razor-sharp teeth. [Vine Stalker
                  | growth]
  4724 | D:4      | Reached XP level 8. HP: 16/37 MP: 14/15
  4955 | D:5      | Got a warped bronze ring
  4956 | D:5      | Identified the ring "Muxyxok" {*Contam rC++ rN+ MP+9 Dex+4}
                  | (You found it on level 5 of the Dungeon)
  5041 | D:5      | Reached skill level 6 in Transmutations
  5103 | D:5      | Reached skill level 5 in Unarmed Combat
  5554 | D:6      | Found Wielyi's Weapon Shoppe.
  5996 | D:6      | Found a snail-covered altar of Cheibriados.
  6003 | D:6      | Became a worshipper of Cheibriados the Contemplative
  6008 | D:6      | Found a sparkling altar of Nemelex Xobeh.
  6012 | D:6      | Found a burning altar of Makhleb.
  6172 | D:6      | Found a bloodstained altar of Trog.
  6403 | D:7      | Reached skill level 5 in Spellcasting
  6500 | D:7      | Found a sacrificial altar of Ru.
  6641 | D:7      | Reached skill level 7 in Transmutations
  6705 | D:7      | Reached * piety under Cheibriados
  6705 | D:7      | Reached XP level 9. HP: 37/41 MP: 18/18
  6728 | D:7      | Noticed Duvessa
  6728 | D:7      | Noticed Dowan
  6742 | D:7      | Killed Duvessa
  6758 | D:7      | Slain by a hippogriff

Skill      XL: |  1  2  3  4  5  6  7  8 |
---------------+-------------------------+-----
Fighting       | 1 |  1.0
Dodging        | 2 3 4 |  4.5
Transmutations | 3 4 5 7 |  7.5
Spellcasting   | 3 4 5 |  5.5
Unarmed Combat | 4 5 |  5.9

Action                   |  1- 3 |  4- 6 |  7- 9 || total
-------------------------+-------+-------+-------++-------
Melee: Unarmed           |    67 |   252 |   327 ||   646
       Bite              |    17 |    33 |    74 ||   124
       Headbutt          |     1 |     3 |     3 ||     7
       Kick              |     1 |     3 |    11 ||    15
       Punch             |       |     2 |     2 ||     4
 Cast: Beastly Appendage |     2 |     6 |     6 ||    14
       Spider Form       |       |     5 |    10 ||    15
Invok: Bend Time         |       |       |     1 ||     1
 Stab: Sleeping          |     2 |     1 |     2 ||     5
  Eat: Chunk             |       |     8 |    13 ||    21
Armor: Robe              |     6 |    16 |    33 ||    55
       Skin              |       |     3 |     6 ||     9
Dodge: Dodged            |    32 |   148 |   258 ||   438
